 Dungeon Crawl Stone Soup version 0.25-a0-253-g6f1b5d974a (webtiles) character file.

Game seed: 2012351320303343637, levelgen mode: deterministic

1340 Flugkiller the Digger (level 8, -4/52 HPs)
             Began as a Mummy Earth Elementalist on Dec 5, 2019.
             Was a Follower of Sif Muna.
             Slain by a gnoll sergeant
             ... wielding a +1 spear of piercing
              (10 damage)
             ... on level 5 of the Dungeon.
             The game lasted 00:10:58 (8736 turns).

Flugkiller the Digger (Mummy Earth Elementalist)    Turns: 8736, Time: 00:10:59

Health: -4/52      AC:  3    Str:  9    XL:     8   Next: 35%
Magic:  10/18      EV: 12    Int: 16    God:    Sif Muna [*.....]
Gold:   329        SH:  0    Dex: 13    Spells: 17/21 levels left

rFire    x . .     SeeInvis .   p - +2 trident (protect)
rCold    + . .     Gourm    .   (no shield)
rNeg     + + +     Faith    .   s - +0 robe (curse)
rPois    ∞         Spirit   .   (no helmet)
rElec    .         Reflect  .   i - +0 cloak
rCorr    .         Harm     .   (no gloves)
MR       +....                  (no boots)
Stlth    ++........             (no amulet)
HPRegen  0.17/turn              o - ring of flight
MPRegen  0.16/turn              r - -2 ring of strength (curse)

@: no status effects
A: no food or potions, fire vulnerability, cold resistance 1, negative energy
resistance 3, torment resistance, unbreathing
a: Channel Magic, Renounce Religion, Evoke Flight


You were on level 5 of the Dungeon.
You worshipped Sif Muna.
Sif Muna was aware of your devotion.
You were not hungry.

You visited 1 branch of the dungeon, and saw 6 of its levels.

You collected 329 gold pieces.

Inventory:

Hand Weapons
 p - a +2 trident of protection (weapon)
   (You found it on level 3 of the Dungeon)
Missiles
 b - 94 stones (quivered)
 d - 103 arrows
 k - 24 poisoned darts
Armour
 c - the +1 robe "Guutt" {+Inv rF- MR++, unknown}
   (You found it on level 6 of the Dungeon)

   It makes you vulnerable to fire.
   It affects your resistance to hostile enchantments.
   It lets you turn invisible.
 i - a +0 cloak (worn)
   (You found it on level 1 of the Dungeon)
 s - a cursed +0 robe (worn)
   (You found it on level 4 of the Dungeon)
Jewellery
 o - a ring of flight (left hand)
   (You found it on level 3 of the Dungeon)
 r - a cursed -2 ring of strength (right hand)
   (You found it on level 6 of the Dungeon)
Wands
 e - a wand of iceblast (8)
   (You found it on level 4 of the Dungeon)
Scrolls
 a - a scroll of immolation {unknown}
 f - a scroll of enchant weapon
 g - a scroll of teleportation
 h - a scroll of fog {unknown}
 j - a scroll of remove curse
 l - a scroll of amnesia
 m - a scroll of blinking
 n - a scroll of enchant armour {unknown}
 q - a scroll of fear {unknown}
 t - a scroll of silence {unknown}


   Skills:
 - Level 1.5 Dodging
 - Level 1.5 Stealth
 - Level 7.0 Spellcasting
 - Level 2.4 Conjurations
   Level 0.7 Transmutations
 + Level 7.1 Earth Magic


You had 17 spell levels left.
You knew the following spells:

 Your Spells              Type           Power        Failure   Level  Hunger
a - Sandblast             Erth           ####..       1%          1    N/A
b - Stone Arrow           Conj/Erth      ###...       4%          3    N/A

Your spell library contained the following spells:

 Spells                   Type           Power        Failure   Level  Hunger
 Passwall                 Tmut/Erth      ###.....     3%          2    N/A
 Sting                    Tmut/Pois      #...         11%         1    N/A
 Poisonous Vapours        Pois/Air       #.....       19%         2    N/A
 Lee's Rapid Deconstruct  Erth           ####......   19%         5    N/A
 Petrify                  Tmut/Erth      ###.....     24%         4    N/A
 Mephitic Cloud           Conj/Pois/Air  #.......     26%         3    N/A
 Ignite Poison            Fire/Tmut/Pois #.......     34%         3    N/A
 Olgreb's Toxic Radiance  Pois           #.......     77%         4    N/A

Dungeon Overview and Level Annotations

Branches:
Dungeon (6/15)
 Temple: D:4-7

Altars:
Elyvilon
Sif Muna


Innate Abilities, Weirdness & Mutations

You do not eat or drink.
Your flesh is vulnerable to fire.
You are immune to poison.
Your flesh is cold resistant. (rC+)
You are immune to negative energy. (rN+++)
You are immune to unholy pain and torment.
You can survive without breathing.


Message History

b - 98 stones The gnoll sergeant hits you with a +1 spear of piercing!
Casting: Sandblast (safe; 1% risk of failure)
Confirm with . or Enter, or press ? or * to list all spells.
Aiming: Sandblast (safe; 1% risk of failure)
Press: ? - help, Shift-Dir - straight line, f/p - gnoll sergeant
Aim: a gnoll sergeant, wielding a +1 spear of piercing and wearing a +0 ring mail (moderately wounded)
The blast of sand hits the gnoll sergeant.
The gnoll sergeant is heavily wounded.
b - 97 stones The gnoll sergeant hits you with a +1 spear of piercing!
Casting: Sandblast (safe; 1% risk of failure)
Confirm with . or Enter, or press ? or * to list all spells.
Aiming: Sandblast (safe; 1% risk of failure)
Press: ? - help, Shift-Dir - straight line, f/p - gnoll sergeant
Aim: a gnoll sergeant, wielding a +1 spear of piercing and wearing a +0 ring mail (heavily wounded)
The blast of sand misses the gnoll sergeant.
b - 96 stones The gnoll sergeant misses you.
Casting: Sandblast (safe; 1% risk of failure)
Confirm with . or Enter, or press ? or * to list all spells.
Aiming: Stone Arrow (safe; 4% risk of failure)
Press: ? - help, Shift-Dir - straight line, f/p - gnoll sergeant
Aim: a gnoll sergeant, wielding a +1 spear of piercing and wearing a +0 ring mail (heavily wounded)
The stone arrow hits the gnoll sergeant!
The gnoll sergeant is almost dead.
The gnoll sergeant hits you with a +1 spear of piercing.
* * * LOW HITPOINT WARNING * * *
* * * LOW HITPOINT WARNING * * *
Casting: Stone Arrow (safe; 4% risk of failure)
Confirm with . or Enter, or press ? or * to list all spells.
Aiming: Sandblast (safe; 1% risk of failure)
Press: ? - help, Shift-Dir - straight line, f/p - gnoll sergeant
Aim: a gnoll sergeant, wielding a +1 spear of piercing and wearing a +0 ring mail (severely wounded)
The blast of sand hits the gnoll sergeant.
The gnoll sergeant is almost dead.
b - 95 stones The gnoll sergeant hits you with a +1 spear of piercing!
* * * LOW HITPOINT WARNING * * *
* * * LOW HITPOINT WARNING * * *
Casting: Sandblast (safe; 1% risk of failure)
Confirm with . or Enter, or press ? or * to list all spells.
Aiming: Sandblast (safe; 1% risk of failure)
Press: ? - help, Shift-Dir - straight line, f/p - gnoll sergeant
Aim: a gnoll sergeant, wielding a +1 spear of piercing and wearing a +0 ring mail (almost dead)
The blast of sand hits the gnoll sergeant but does no damage.
The gnoll sergeant is almost dead.
b - 94 stones The gnoll sergeant hits you with a +1 spear of piercing!
You die...

##########..###.#######
........##..# #.#
#######.##..###.## #
#.##.......# #
#.##.###...# #
#.##.###...#### ######
# ####.##..........#
#..... #
#.............g..#
#.#### #
#.##.###..>.)@)..# #.#
# #.##.# ####...####
#####.#### #
#.##.######...#
#......... #
#.##..........#
#%###.....
####>##.#######..#
##.###.###. .....[..#
#..######......# #.
####.####
#..............###.
##.##
##.######..........
##.#.## #.#
#...........#


You could see a gnoll sergeant.

Vanquished Creatures
  Sigmund (D:3)
  2 ogres
  A centaur (D:6)
  A bullfrog (D:5)
  2 scorpions (D:5)
  A howler monkey (D:5)
  2 crimson imps
  A quasit (D:6)
  3 hounds
  Natasha (twice) (D:2)
  2 centaur skeletons (D:6)
  An orc wizard (D:5)
  6 worker ants
  10 adders
  6 gnolls
  A shadow imp (D:6)
  An ooze (D:1)
  2 adder skeletons
  2 worms
  A dart slug (D:1)
  10 leopard geckos
  13 orcs
  6 giant cockroaches
  5 goblins
  5 hobgoblins
  2 jackals (D:2)
  2 quokkas (D:2)
  9 bats
  5 frilled lizards
  5 kobolds
  6 rats
116 creatures vanquished.

Vanquished Creatures (others)
  A bat (D:3)
1 creature vanquished.

Grand Total: 117 creatures vanquished

Notes
Turn   | Place    | Note
-------+----------+-------------------------------------------
     0 | D:1      | Flugkiller the Mummy Earth Elementalist began the quest for
                  | the Orb.
     0 | D:1      | Reached XP level 1. HP: 13/13 MP: 4/4
   160 | D:1      | Reached XP level 2. HP: 19/19 MP: 2/5
  1385 | D:2      | Reached XP level 3. HP: 24/24 MP: 0/7
  1656 | D:2      | Learned a level 3 spell: Stone Arrow
  1929 | D:2      | Reached XP level 4. HP: 21/30 MP: 1/8
  2139 | D:2      | Reached skill level 1 in Conjurations
  2651 | D:2      | Found a shimmering blue altar of Sif Muna.
  2942 | D:2      | Became a worshipper of Sif Muna the Loreminder
  3006 | D:3      | Noticed Natasha
  3200 | D:2      | Killed Natasha
  3200 | D:2      | Reached XP level 5. HP: 28/35 MP: 4/10
  3208 | D:2      | Noticed Natasha
  3212 | D:2      | Killed Natasha
  4056 | D:3      | Found a white marble altar of Elyvilon.
  4181 | D:3      | Noticed Sigmund
  4199 | D:3      | Killed Sigmund
  4199 | D:3      | Reached XP level 6. HP: 35/41 MP: 4/13
  4579 | D:4      | You fall into a shaft and drop 2 floors!
  4585 | D:6      | Reached skill level 5 in Spellcasting
  4592 | D:5      | Entered Level 5 of the Dungeon
  4847 | D:5      | Reached skill level 5 in Earth Magic
  4847 | D:5      | Reached XP level 7. HP: 46/46 MP: 10/15
  6196 | D:4      | Reached * piety under Sif Muna
  7039 | D:6      | Got an ancient robe
  7079 | D:6      | Reached XP level 8. HP: 38/52 MP: 18/18
  8736 | D:5      | Slain by a gnoll sergeant

Levels and vault maps discovered:
D:1:      dpeg_arrival_round_c, layout_basic
D:2:      layout_loops_cross, lemuel_blue_sif_altar, serial_forest,
          infiniplex_forest_clump_small, infiniplex_forest_clump_tiny,
          infiniplex_forest_clump_small, infiniplex_forest_end_3,
          infiniplex_forest_end_2, infiniplex_forest_corner_1,
          infiniplex_forest_end_2
D:3:      layout_basic, elyvilon_altar_4, uniq_natasha, uniq_sigmund
D:4:      layout_cave_pods, minmay_quantized
D:5:      layout_loops_ring, first_ration
D:6:      layout_rooms, kennysheep_mini, minmay_temple_entry_poolview,
          chequers_serial_rivers_small_b

Skill      XL: |  1  2  3  4  5  6  7  8 |
---------------+-------------------------+-----
Earth Magic    | 3 4 5 6 7 |  7.1
Spellcasting   | 3 4 5 7 |  7.0
Conjurations   | 1 2 |  2.4
Dodging        | |  1.5
Stealth        | |  1.5
Transmutations | |  0.7

Action                   |  1- 3 |  4- 6 |  7- 9 || total
-------------------------+-------+-------+-------++-------
Melee: Club              |    66 |       |       ||    66
       Dagger            |    12 |       |       ||    12
       Spear             |       |   107 |       ||   107
       Trident           |       |    24 |   154 ||   178
 Cast: Sandblast         |    43 |    50 |    61 ||   154
       Stone Arrow       |       |     2 |     2 ||     4
  Use: Scroll            |       |     3 |     3 ||     6
 Stab: Sleeping          |     2 |       |     2 ||     4
       Distracted        |       |       |     1 ||     1
Armor: Robe              |    33 |    35 |    85 ||   153
Dodge: Dodged            |    91 |    99 |   184 ||   374

Table legend:
 A = Non-vault XP
 B = Vault XP
 C = Vault XP percentage of total XP
 D = Non-vault monster count
 E = Vault monster count
 F = Vault count percentage of total count
                 A         B        C        D         E       F
            +---------+---------+-------+---------+---------+-------
      Total |    1638 |     277 |  14.5 |     111 |       5 |   4.3
            +---------+---------+-------+---------+---------+-------
        D:1 |      34 |       0 |   0.0 |      15 |       0 |   0.0
        D:2 |     171 |      39 |  18.6 |      32 |       1 |   3.0
        D:3 |      79 |     227 |  74.2 |      17 |       1 |   5.6
        D:4 |     104 |      11 |   9.6 |      10 |       3 |  23.1
        D:5 |     601 |       0 |   0.0 |      20 |       0 |   0.0
        D:6 |     649 |       0 |   0.0 |      17 |       0 |   0.0
            +---------+---------+-------+---------+---------+-------
